Cogmind - Beta 13 @@@ ROGUE MODE // 2024.04.12 @ 17:20:34 Player: arcadio rl Result: Destroyed by DAS Turret with DAS Cannon Performance ------------- Evolutions (0) 0 Regions Visited (3) 600 Robots Destroyed (9) 45 Value Destroyed (99) 99 Prototype IDs (3) 60 Alien Tech Used (0) 0 Bonus (-30) -30 TOTAL SCORE: 774 Bonus ------- Friendly Fire -30 Cogmind --------- Core Integrity 0/250 Matter 285/300 Energy 100/100 System Corruption 0% Temperature Cool (0) Movement Rolling (80) Location -10/Exiles Parts ------- > --- POWER (1) -------- (None) > --- PROPULSION (2) --- Wheel > --- UTILITY (2) ------ Medium Storage Unit > --- WEAPON (2) ------- (None) > --- INVENTORY (10) --- Structural Scanner Signal Interpreter Targeting Computer Decoy Drone Bay Beam Cannon Grenade Launcher Peak State ------------ > --- POWER ------------ Ion Engine > --- PROPULSION ------- Aluminum Leg Aluminum Leg > --- UTILITY ---------- Heat Sink Medium Storage Unit > --- WEAPON ----------- Beam Rifle Beam Rifle > --- INVENTORY -------- Ion Engine Wheel Wheel Structural Scanner Signal Interpreter Targeting Computer Decoy Drone Bay Beam Cannon Grenade Launcher [Rating: 11] Favorites ----------- Power Ion Engine Engine Ion Engine Propulsion Aluminum Leg Leg Aluminum Leg Wheel Wheel Utility Medium Storage Unit Device Heat Sink Storage Medium Storage Unit Weapon Beam Rifle Energy Gun Beam Rifle Ballistic Gun Assault Rifle Launcher Grenade Launcher Build | -11 -10 -10 -10 ------- Run | Yrd Mat Min Exi Slots Evolved . | . . . . Power . | . . . . Propulsion . | . . . . Utility . | . . . . Weapon . | . . . . Parts Attached 21 | 7 11 . 3 Power 2 | 1 . . 1 Engine 2 | 1 . . 1 Core . | . . . . Reactor . | . . . . Propulsion 6 | 2 2 . 2 Treads . | . . . . Leg 2 | . 2 . . Wheel 4 | 2 . . 2 Hover . | . . . . Flight . | . . . . Utility 4 | 2 2 . . Device 2 | 1 1 . . Storage 2 | 1 1 . . Processor . | . . . . Hackware . | . . . . Protection . | . . . . Artifact . | . . . . Weapon 9 | 2 7 . . Energy Gun 5 | . 5 . . Energy Cannon . | . . . . Ballistic Gun 3 | 2 1 . . Ballistic Cannon . | . . . . Launcher 1 | . 1 . . Special Weapon . | . . . . Impact Weapon . | . . . . Slashing Weapon . | . . . . Piercing Weapon . | . . . . Special Melee Weapon . | . . . . Unidentified Prototypes . | . . . . Parts Lost 7 | . . . 7 Power 1 | . . . 1 Propulsion 3 | . . . 3 Utility 1 | . . . 1 Weapon 2 | . . . 2 Highest Loss Streak 7 | . . . 7 To Critical Strikes . | . . . . Average Slot Usage (%) 98 | . 99 98 86 Engine 13 | . 14 12 11 Leg 25 | . 23 28 25 Wheel 2 | . 4 . 1 Device 13 | . 13 14 11 Storage 14 | . 14 14 14 Energy Gun 25 | . 23 28 23 Ballistic Gun 2 | . 4 . . Naked Turns . | . . . . Heaviest Build 22 | 14 22 22 22 Greatest Support 26 | 26 26 20 20 Greatest Overweight (x) 1 | . 1 1 1 Average Overweight (x) . | . . . . Largest Inventory Capacity 10 | 8 10 10 10 Average Capacity 9 | 7 9 10 10 Most Carried 10 | 7 10 10 9 Average Carried 9 | 4 9 9 8 Final Capacity 10 | 8 10 10 10 Final Carried 10 | 7 10 10 7 Class Distribution -------------------- 100% | Mutant Dominant Class ---------------- Mutant | -10/Materials Mutant | -10/Mines Mutant | -10/Exiles Resources | -11 -10 -10 -10 ----------- Run | Yrd Mat Min Exi Matter Collected 426 | 290 136 . . Remotely . | . . . . Salvage Created 437 | 116 229 74 18 Parts 26 | 5 19 2 . Haulers Intercepted 2 | . 2 . . Recyclers Shooed 3 | 1 2 . . Parts Field Recycled . | . . . . Retrieved Matter . | . . . . Parts Self-Destructed . | . . . . Prevented . | . . . . Kills | -11 -10 -10 -10 ------- Run | Yrd Mat Min Exi Combat Hostiles Destroyed 2 | . 1 . 1 Guns 2 | . 1 . 1 Classes Destroyed 9 | 2 6 . 1 Worker 1 | . 1 . . Builder 1 | . 1 . . Tunneler 1 | 1 . . . Hauler 2 | . 2 . . Recycler 1 | 1 . . . Operator 1 | . 1 . . Watcher 1 | . 1 . . Grunt 1 | . 1 . . Assembled 1 | . . . 1 Best Kill Streak 2 | 2 2 . 1 Combat Bots Only 1 | . 1 . 1 Max Kills in Single Turn 1 | 1 1 . 1 Gunslinging . | . . . . Exploded . | . . . . Melee . | . . . . Uniques/NPCs Destroyed . | . . . . Combat | -11 -10 -10 -10 -------- Run | Yrd Mat Min Exi Hostile Shots Fired 80 | . 3 . 77 Missed 22 | . 1 . 21 Damage Taken 875 | . 20 . 855 Core 282 | . 10 . 272 Absorbed by Shields . | . . . . Core Remaining (%) 100 | 100 . . . Volleys Fired 37 | 5 28 2 2 Largest 2 | 2 2 2 2 Hottest 112 | 40 105 112 112 Shots Fired 73 | 10 55 4 4 Gun 72 | 10 54 4 4 Cannon . | . . . . Launcher 1 | . 1 . . Special . | . . . . Kinetic 18 | 10 8 . . Thermal 54 | . 46 4 4 Explosive 1 | . 1 . . Electromagnetic . | . . . . Robot Hit Streak 7 | 3 7 4 3 Robot Miss Streak 5 | 2 5 . 1 Penetration Max . | . . . . Secondary Targets . | . . . . Shots Hit Robots 40 | 6 29 2 3 Core Hits 20 | 3 12 2 3 Critical Kills . | . . . . Critical Parts Destroyed . | . . . . Critical Strikes 1 | . . 1 . Burn 1 | . . 1 . Melee Attacks . | . . . . Impact . | . . . . Slashing . | . . . . Piercing . | . . . . Sneak Attacks . | . . . . Combat Hostiles . | . . . . Follow-up Attacks . | . . . . Damage Inflicted 490 | 59 344 28 59 Guns 490 | 59 344 28 59 Cannons . | . . . . Explosions . | . . . . Melee . | . . . . Ramming . | . . . . Kinetic 114 | 59 55 . . Thermal 376 | . 289 28 59 Explosive . | . . . . Electromagnetic . | . . . . Impact . | . . . . Slashing . | . . . . Piercing . | . . . . Highest Corruption . | . . . . Average Corruption . | . . . . Corruption Purged . | . . . . Corruption Blocked . | . . . . Overload Shots . | . . . . Overflow Damage . | . . . . Projectiles . | . . . . Explosions . | . . . . Melee . | . . . . Knockbacks . | . . . . Impact . | . . . . Kinetic . | . . . . Secondary . | . . . . Self-Inflicted Damage . | . . . . Shots . | . . . . Rammed . | . . . . Targets Rammed . | . . . . Kicked . | . . . . Crushed . | . . . . Highest Temperature 90 | . 90 21 82 Average Temperature 27 | . 26 14 38 Received Heat Transfer 252 | . 12 . 240 Siege Activations . | . . . . Robots Corrupted . | . . . . Combat Hostiles . | . . . . Parts Fried . | . . . . Impact Corruptions . | . . . . Robots Melted . | . . . . Combat Hostiles . | . . . . Parts Melted 3 | . 1 2 . Heat Transferred 980 | . 684 148 148 Parts Sabotaged . | . . . . Parts Stolen . | . . . . Parts Stripped . | . . . . Power Chain Reactions . | . . . . Alert | -11 -10 -10 -10 ------- Run | Yrd Mat Min Exi Peak Influence 114 | 10 114 5 . Initial 6 | . 6 . . Average 16 | 3 26 2 . Maximum Alert Level . | . . . . Low Security (%) 100 | 100 100 100 . Level 1 . | . . . . Level 2 . | . . . . Level 3 . | . . . . Level 4 . | . . . . Level 5 . | . . . . High Security . | . . . . Max Security . | . . . . Squads Dispatched 2 | . 2 . . Investigation . | . . . . Extermination . | . . . . Reinforcement 2 | . 2 . . Assault . | . . . . Garrison . | . . . . Intercept . | . . . . Searches Triggered . | . . . . Construction Impeded . | . . . . Haulers Reinforced . | . . . . Active Scanning Responses . | . . . . Cargo Convoy Interrupts . | . . . . Stealth | -11 -10 -10 -10 --------- Run | Yrd Mat Min Exi Distress Signals 3 | . 3 . . Communications Jammed . | . . . . Distress Signals . | . . . . Times Spotted 13 | . 5 . 8 Peak Tracking Total 9 | . 1 . 9 Tactical Retreats . | . . . . Traps | -11 -10 -10 -10 ------- Run | Yrd Mat Min Exi Traps Triggered . | . . . . Indirectly . | . . . . Trap Hack Attempts . | . . . . Triggered . | . . . . Disarmed . | . . . . Reprogrammed . | . . . . Reused . | . . . . Traps Extracted . | . . . . Installed . | . . . . Triggered . | . . . . Machines | -11 -10 -10 -10 ---------- Run | Yrd Mat Min Exi Machines Disabled 1 | . 1 . . Max in Single Turn 1 | . 1 . . Machines Repaired . | . . . . Machines Dismantled . | . . . . Machines Sabotaged . | . . . . Overloaded Fab Kills . | . . . . Hacking | -11 -10 -10 -10 --------- Run | Yrd Mat Min Exi Machines Accessed 7 | . 6 1 . Terminals 5 | . 5 . . Fabricators . | . . . . Repair Stations . | . . . . Recycling Units 1 | . 1 . . Scanalyzers . | . . . . Garrison Access . | . . . . Total Hacks 16 | . 15 1 . Successful 7 | . 6 1 . Failed 9 | . 9 . . Catastrophic . | . . . . Database Lockouts . | . . . . Manual 6 | . 6 . . Terminals 13 | . 13 . . Fabricators . | . . . . Repair Stations . | . . . . Recycling Units 2 | . 2 . . Scanalyzers . | . . . . Garrison Access . | . . . . Terminal Hacks 3 | . 2 1 . Prototype ID Bank 1 | . 1 . . Open Door 1 | . . 1 . Locate Traps 1 | . 1 . . Fabricator Hacks . | . . . . Repair Station Hacks . | . . . . Recycling Unit Hacks 2 | . 2 . . Report Inventory 1 | . 1 . . Retrieve Components 1 | . 1 . . Scanalyzer . | . . . . Garrison Access Hacks . | . . . . Unauthorized Hacks 2 | . 2 . . Terminals 2 | . 2 . . Botnet 2 | . 2 . . Fabricators . | . . . . Repair Stations . | . . . . Recycling Units . | . . . . Scanalyzers . | . . . . Garrison Access . | . . . . Data Cores Recovered . | . . . . Used . | . . . . Hacking Detections 6 | . 6 . . Full Trace Events . | . . . . Feedback Events . | . . . . Feedback Blocked . | . . . . Robot Schematics Acquired . | . . . . Robots Built . | . . . . Authchips . | . . . . Time . | . . . . Total Robot Build Rating . | . . . . Part Schematics Acquired . | . . . . Parts Built . | . . . . Authchips . | . . . . Time . | . . . . Total Part Build Rating . | . . . . Parts Repaired . | . . . . Time . | . . . . Parts Recycled . | . . . . Recycled Matter . | . . . . Retrieved Matter . | . . . . Retrieved Components 9 | . 9 . . Parts Scanalyzed . | . . . . Part Schematics Acquired . | . . . . Parts Damaged . | . . . . Bothacking | -11 -10 -10 -10 ------------ Run | Yrd Mat Min Exi Used RIF Installer . | . . . . Robots Hacked . | . . . . Non-combat . | . . . . Combat . | . . . . Robot Hacks Applied . | . . . . Relay Couplers Released . | . . . . Fabnet Peak Effective % . | . . . . Robots Rewired . | . . . . Allies Hacked . | . . . . Hacks Repelled . | . . . . Allies | -11 -10 -10 -10 -------- Run | Yrd Mat Min Exi Total Allies . | . . . . Largest Group . | . . . . Highest-Rated Group . | . . . . Highest-Rated Ally . | . . . . Total Orders . | . . . . Ally Attacks . | . . . . Total Damage . | . . . . Kills . | . . . . Allies Corrupted . | . . . . Allies Melted . | . . . . Intel | -11 -10 -10 -10 ------- Run | Yrd Mat Min Exi Robot Analysis Total . | . . . . Derelict Logs Recovered 1 | . . 1 . Drone Launches . | . . . . Drone Recoveries . | . . . . Exploration | -11 -10 -10 -10 ------------- Run | Yrd Mat Min Exi Turns Passed 2324 | 90 1299 792 143 Spaces Moved 1461 | 65 891 424 81 Core 8 | 8 . . . Treads . | . . . . Legs 1230 | . 740 424 66 Wheels 223 | 57 151 . 15 Hover . | . . . . Flight . | . . . . Fastest Speed 50 | 50 90 120 80 Average Speed 143 | 85 127 182 160 Slowest Speed 190 | 100 190 190 190 Overloaded Moves . | . . . . Propulsion Burnouts . | . . . . Robots Hopped . | . . . . Cave-ins Triggered . | . . . . Exploration Rate (%) 47 | 4 99 54 33 Regions Visited 3 Branch Regions 2 Pre-discovered Areas 1 | . . 1 . Known Exits Taken . | . . . . Unknown Exits Taken 3 | 1 1 1 . Scrap Searched . | . . . . Spaces Dug . | . . . . Terrain Destroyed 7 | . 7 . . Melee . | . . . . Projectile . | . . . . AOE 7 | . 7 . . Terrain Rammed . | . . . . Walls Destroyed . | . . . . Machines Disabled . | . . . . Actions | -11 -10 -10 -10 --------- Run | Yrd Mat Min Exi Total 1626 | 87 1010 439 90 Wait 66 | . 59 7 . Move 1458 | 64 890 423 81 Hop . | . . . . Pick Up 19 | 9 9 1 . Fast Attach 9 | 7 2 . . Attach 3 | . . . 3 Detach 1 | . 1 . . Swap 9 | . 9 . . Drop 17 | 2 12 3 . Fire 37 | 5 28 2 2 Melee . | . . . . Ram . | . . . . Kick . | . . . . Crush . | . . . . Escape Stasis . | . . . . Rewire 7 | . . 3 4 Trap . | . . . . Miscellaneous . | . . . . Route ------- -11/Scrapyard -10/Materials (discovered 4 exits: [*Mat x3] / *Min) -10/Mines (discovered 2 exits: [*Mat] / [*Exi]) -10/Exiles History --------- Turn | Location | Event 2 | -11/Scrapyard | Met Revision 17 35 | -11/Scrapyard | Discovered new exit (range 15) 91 | -11/Scrapyard | Entered Materials 320 | -10/Materials | Build established: Mutant 537 | -10/Materials | Discovered new exit (range 16) 695 | -10/Materials | Discovered new exit (range 13) 884 | -10/Materials | Discovered new exit (range 12) 1340 | -10/Materials | Discovered new exit (range 16) 1390 | -10/Materials | Entered Mines 1483 | -10/Mines | Found the Drone Emporium 1505 | -10/Mines | Found Prototype Device 1697 | -10/Mines | Learned Materials stockpile data 1709 | -10/Mines | Learned location of Storage (-9) 1897 | -10/Mines | Discovered new exit (range 6) 1950 | -10/Mines | Deemed a non-threat by the Exiles lab entrance 1952 | -10/Mines | Discovered new exit (range 5) 2084 | -10/Mines | Assembled infested the area 2182 | -10/Mines | Entered Exiles 2229 | -10/Exiles | Met 8R-AWN 2259 | -10/Exiles | Met EX-HEX 2287 | -10/Exiles | Attacked by the Exiles 2308 | -10/Exiles | Core integrity fell below 50% 2312 | -10/Exiles | Core integrity fell below 20% 2325 | -10/Exiles | Destroyed by DAS Turret with DAS Cannon Last Messages --------------- 02296_ Attempting to rewire as-88447. 02296_ as-88447 cannot be rewired. 02296_ Ion Engine destroyed. 02297_ Beam Rifle destroyed. 02297_ Attempting to rewire as-88447. 02297_ as-88447 cannot be rewired. 02298_ HV Slug penetrates Wall. 02298_ Penetrated by HV Slug. 02298_ Heat Sink destroyed. 02303_ Penetrated by HV Slug. 02303_ Beam Rifle destroyed. 02304_ Machine disabled. 02305_ as-88447 destroyed. 02308_ Penetrated by HV Slug. 02308_ Aluminum Leg destroyed. 02311_ HV Slug penetrates as-50536. 02311_ as-50536 destroyed. 02311_ Penetrated by HV Slug. 02315_ Wheel destroyed. 02323_ Machine disabled. Map ----- +----------------------------------------------------+ | ?????????????????????????????????????????????????? | | ?????????????????????????????????????????????????? | | ?????????????????????????????????????????????????? | | ?????????????????????????????????????????????????? | | ?????????????????????????????????????????????????? | | ?????????????????????????????????????????????????? | | ?????????????????????????????????????????????????? | | ?????????????????????????????????????????????????? | | ?????????????????????????????????????????????????? | | ?????????????????????????????????????????????????? | | ??????????????????????????????? ?????????????? | | ?????????????????????????????? ?????????????? | | ??????????????????????????????" ????????????? | | ?????????????????????????????#" ????????????? | | ?????????????????????????????#" ?????????????? | | ????????????????????????????##" #?????????????? | | ???????????????????????????##"" #?????????????? | | ??????????????????##??######"" #?????????????? | | ????????????##X# ?#"###""""""" ##????????????? | | ???????????? """""" " "" ##???######### | | ???????????? "" """ " #####"""""""" | | ??????????? " " """ "" | | ??????????? "" " | | ?????????? " | | ?????????? | | ?????????? @ % a | | ?????????? | | ??????????" """""" | | ??????????? ######""" a | | ??????????? ""##????#####"" % | | ???????????? """#??????????##""" | | ???????????? """#????????????#"""" | | ???????????? ""?????????????#"" | | ????????????? ???????????????"""" | | ????????????? ?????????????????" | | ?????????????? ????????????????" | | ?????????????? ?????????????????? % | | ????????????????????????????????? | | ????????????????????????????????? " | | ?????????????????????????????????? "" """ | | ????????????????????????????????????"" " " ""#" | | ?????????????????????????????????????##""" """##"" | | ??????????????????????????????????????###"""???### | | ????????????????????????????????????????##???????? | | ?????????????????????????????????????????????????? | | ?????????????????????????????????????????????????? | | ?????????????????????????????????????????????????? | | ?????????????????????????????????????????????????? | | ?????????????????????????????????????????????????? | | ?????????????????????????????????????????????????? | +----------------------------------------------------+ Best States ------------- Heat Dissipation 35 Energy Generation 10 Energy Capacity 250 Matter Stores 300 Matter Capacity 300 Sight Range 16 Terrain Scan Range 16 Terrain Scan Density 10 Evasion (%) 55 Item Schematics ----------------- None Robot Schematics ------------------ None Fabricated ------------ Nothing Alien Tech Used ----------------- None Achievements -------------- None Challenges ------------ None Game ------ Seed LinearWarpBox Manual? 0 Play Time 00:54:16 Cumulative 112.0 hours Start 2024.04.12 @ 00:10:56 End 2024.04.12 @ 17:20:34 Sessions 6 Manual Loads 0 Difficulty Rogue Special Mode None Game No. 88 Rogue 88 Adventurer 0 Explorer 0 Win Type - Total 0 Types 0/0/0/0/0/0/0/0/0 Lore% 51 Gallery% 51 Achievement% 41 Wizard Run 0 Options --------- Layout 1 ASCII 0 Keyboard 1 Movement Numpad Keybinds 0 Fullscreen 1 Font 24/Smallcaps Map View 50x35 Zoom Use 0% Tactical HUD 1 Map Filters NONE Filters NONE Steam 1 RUN: 11b37759-8396-424b-88b9-9727d15458b1